 Dungeon Crawl Stone Soup version 0.31.0-11-ge490571c62 (webtiles) character file.

Game seed: 10625738585141692948

74 qw the Shooter (level 4, -2/25 HPs)
             Began as a Deep Elf Hunter on Feb 4, 2024.
             Slain by an ogre
             ... wielding a +0 giant club
              (27 damage)
             ... on level 3 of the Dungeon.
             The game lasted 00:00:05 (1608 turns).

qw the Shooter (Deep Elf Hunter)                    Turns: 1608, Time: 00:00:06

Health: -2/25      AC:  9    Str: 10    XL:     4   Next: 10%
Magic:  6/6        EV: 11    Int: 14    God:
Gold:   103        SH:  0    Dex: 18    Spells: 3/3 levels left

rFire   . . .        a - +1 shortbow
rCold   . . .        (shield currently unavailable)
rNeg    . . .        j - +2 ring mail
rPois   .            m - +0 helmet
rElec   .            f - +0 cloak
rCorr   .            (no gloves)
SInv    .            (no boots)
Will    .....        i - amulet of faith
Stlth   +            (no ring)
HPRegen 0.24/turn    (no ring)
MPRegen 0.10/turn

%: faith
@: hasted, very quick
A: no striking features
a: no special abilities


You were on level 3 of the Dungeon.
You visited 1 branch of the dungeon, and saw 3 of its levels.

You collected 103 gold pieces.


   Skills:
 - Level 1.5 Fighting
 + Level 7.5 Ranged Weapons
 - Level 2.4 Dodging
 - Level 1.2 Stealth


You had 3 spell levels left.
You didn't know any spells.
Your spell library was empty.

Inventory:

Hand Weapons
 a - a +1 shortbow (weapon)
Armour
 f - a +0 cloak (worn)
 j - a +2 ring mail (worn)
 m - a +0 helmet (worn)
Jewellery
 g - an amulet of the acrobat
 i - an amulet of faith (around neck)
Scrolls
 b - a scroll of teleportation
Potions
 h - a potion of mutation
 l - a potion of might

Dungeon Overview and Level Annotations

Branches:
Dungeon (3/15)

Altars:
Uskayaw


Message History

You now have 103 gold pieces (gained 7).
A ball python comes into view.
The ball python hisses angrily.
You shoot an arrow. The arrow hits the ball python.
The ball python is severely wounded.
You shoot an arrow.
The arrow closely misses the ball python.
You shoot an arrow. The arrow hits the ball python.
You kill the ball python!
A hobgoblin comes into view.
You see here a scroll of teleportation.
You shoot an arrow. The arrow hits the hobgoblin!
You kill the hobgoblin!
b - a scroll of teleportation An endoplasm comes into view.
Found a scroll of noise.
The endoplasm quivers.
You shoot an arrow. The arrow hits the endoplasm!
You kill the endoplasm!
Found 5 stones.
A rat and a kobold come into view.
Found a scroll of identify.
The rat squeaks loudly.
The kobold shouts!
An ogre comes into view. It is wielding a +0 giant club.
1601 ||| DRINKING potion of haste.
You feel yourself speed up.
The ogre shouts!
You shoot an arrow. The arrow hits the kobold.
You kill the kobold!
You shoot an arrow. The arrow barely misses the rat.
You shoot an arrow. The arrow hits the rat.
You kill the rat!
You shoot an arrow. The arrow barely misses the ogre.
You shoot an arrow. The arrow hits the ogre.
The ogre is moderately wounded.
You shoot an arrow. The arrow hits the ogre!
The ogre is heavily wounded.
You shoot an arrow. The arrow barely misses the ogre.
The ogre hits you with a +0 giant club!!
Ouch! That really hurt!
You die...

.# #.# #.%.##### ##
#.# #.......#
#.#########..####.#
..................#
#............###..##
###########..# ....
#######..# ..?..
.........#......
........@O?.)...
#######..#...(..
#.........
#..#......
...####### ##..#
.... ###.


You could see an ogre.

Vanquished Creatures
  3 adders
  A ribbon worm (D:2)
  5 ball pythons
  A bat (D:1)
  3 endoplasms
  4 giant cockroaches
  3 goblins
  5 hobgoblins
  5 jackals
  A quokka (D:2)
  5 frilled lizards
  4 kobolds
  4 rats
44 creatures vanquished.

Notes
Turn   | Place    | Note
-------+----------+-------------------------------------------
     0 | D:1      | qw the Deep Elf Hunter began the quest for the Orb.
     0 | D:1      | Reached XP level 1. HP: 12/12 MP: 3/3
     0 | D:1      | 0 ||| qw: Version: 0.3-a-160-g6735b56
     0 | D:1      | 0 ||| qw: Game counter: 4351
     0 | D:1      | 0 ||| qw: Melee chars always use a shield: true
     0 | D:1      | 0 ||| qw: God list: Okawaru
     0 | D:1      | 0 ||| qw: Allow faded altars: false
     0 | D:1      | 0 ||| qw: Do Orc after clearing Dungeon:15 true
     0 | D:1      | 0 ||| qw: Do second Lair branch before Depths: true
     0 | D:1      | 0 ||| qw: Lair rune preference: random
     0 | D:1      | 0 ||| qw: Goals: Normal
     0 | D:1      | 0 ||| PLANNING D:1-11
     6 | D:1      | Noticed a redback
     6 | D:1      | Noticed an anaconda
     6 | D:1      | Noticed a rime drake
     7 | D:1      | Noticed a polar bear
     7 | D:1      | Noticed an iguana
    59 | D:1      | HP: 3/12 [frozen (4)]
   162 | D:1      | Reached skill level 6 in Ranged Weapons
   162 | D:1      | Reached XP level 2. HP: 16/16 MP: 4/4
   466 | D:1      | 466 ||| UPGRADING to +0 ring mail.
   476 | D:1      | 476 ||| DROPPING +0 leather armour.
   477 | D:1      | 477 ||| UPGRADING to amulet of the acrobat.
   482 | D:1      | 482 ||| UPGRADING to amulet of faith.
   492 | D:1      | 492 ||| DROPPING ring of flight.
   493 | D:1      | 493 ||| READING scroll labelled JAXEOFUITA.
   493 | D:1      | 493 ||| ENCHANTING +0 shortbow.
   494 | D:1      | 494 ||| READING scroll labelled IBBUQEV ALLE.
   494 | D:1      | 494 ||| IDENTIFYING yellow potion
   495 | D:1      | 495 ||| READING scroll labelled COMAHUEB COMO.
   496 | D:1      | 496 ||| READING 2 scrolls labelled YTASTI UXT.
   496 | D:1      | 496 ||| ENCHANTING +0 ring mail.
   497 | D:1      | 497 ||| READING scroll of enchant armour.
   497 | D:1      | 497 ||| ENCHANTING +1 ring mail.
   498 | D:1      | 498 ||| DROPPING scroll of butterflies.
   591 | D:2      | Found a hide-covered altar of Uskayaw.
   634 | D:2      | Reached XP level 3. HP: 20/20 MP: 5/5
  1220 | D:2      | Reached skill level 7 in Ranged Weapons
  1374 | D:2      | 1374 ||| UPGRADING to +0 cloak.
  1379 | D:2      | 1379 ||| UPGRADING to +0 helmet.
  1384 | D:2      | 1384 ||| READING 4 scrolls of identify.
  1384 | D:2      | 1384 ||| IDENTIFYING lumpy pink potion
  1385 | D:2      | 1385 ||| READING 3 scrolls of identify.
  1385 | D:2      | 1385 ||| IDENTIFYING bubbling ruby potion
  1386 | D:2      | 1386 ||| READING 2 scrolls of identify.
  1386 | D:2      | 1386 ||| IDENTIFYING scroll labelled WEUC YNKUCK
  1387 | D:2      | 1387 ||| READING scroll of identify.
  1387 | D:2      | 1387 ||| IDENTIFYING scroll labelled CIUDUDA AHYE
  1388 | D:2      | 1388 ||| READING scroll labelled NOREYRCHABOPA.
  1389 | D:2      | 1389 ||| READING scroll labelled COJOAPIXIR.
  1392 | D:2      | 1392 ||| DROPPING scroll of fear.
  1393 | D:2      | 1393 ||| DROPPING scroll of blinking.
  1514 | D:3      | Reached XP level 4. HP: 25/25 MP: 6/6
  1516 | D:3      | Noticed a +0 spear
  1516 | D:3      | Noticed a +0 dagger
  1517 | D:3      | Noticed a +0 falchion
  1517 | D:3      | Noticed a +0 short sword
  1517 | D:3      | Noticed a +0 spear
  1517 | D:3      | Noticed a +0 dagger
  1517 | D:3      | Noticed a +0 short sword
  1517 | D:3      | Noticed a +0 falchion
  1544 | D:3      | Found a hide-covered altar of Uskayaw.
  1600 | D:3      | Noticed an ogre
  1601 | D:3      | 1601 ||| DRINKING potion of haste.
  1608 | D:3      | Slain by an ogre

Levels and vault maps discovered:
D:1:      onia_arrival_zoo_common, layout_rooms, minmay_misc_feat_pillars
D:2:      layout_basic, basic_altar
D:3:      layout_loops_ring, grunt_dithmenos_smoke_and_mirrors,
          nicolae_uskayaw_en_pointe, minmay_rat_hole

Skill      XL: |  1  2  3 |
---------------+----------+-----
Ranged Weapons | 6 7 |  7.5
Fighting       | |  1.5
Dodging        | |  2.4
Stealth        | |  1.2

Action                     |  1- 3 |  4- 6 || total
---------------------------+-------+-------++-------
   Fire: Shortbow          |   100 |    12 ||   112
    Use: Scroll            |    11 |       ||    11
         Potion            |       |     1 ||     1
 Armour: Leather armour    |     2 |       ||     2
         Ring mail         |    21 |     1 ||    22
  Dodge: Dodged            |    19 |       ||    19

Table legend:
 A = Non-vault XP
 B = Vault XP
 C = Vault XP percentage of total XP
 D = Non-vault monster count
 E = Vault monster count
 F = Vault count percentage of total count
                 A         B        C        D         E       F
            +---------+---------+-------+---------+---------+-------
      Total |     107 |       0 |   0.0 |      44 |       0 |   0.0
            +---------+---------+-------+---------+---------+-------
        D:1 |      23 |       0 |   0.0 |      14 |       0 |   0.0
        D:2 |      57 |       0 |   0.0 |      21 |       0 |   0.0
        D:3 |      27 |       0 |   0.0 |       9 |       0 |   0.0
            +---------+---------+-------+---------+---------+-------
